 Dungeon Crawl Stone Soup version 0.19-a0-536-g4d3b45e (webtiles) character file.

82 Musica the Sneak (level 4, -6/33 HPs)
             Began as a Vampire Assassin on June 8, 2016.
             Mangled by Sigmund
             ... wielding a +0 scythe
              (10 damage)
             ... on level 3 of the Dungeon.
             The game lasted 00:06:16 (1909 turns).

Musica the Sneak (Vampire Assassin)                 Turns: 1909, Time: 00:06:16

Health: -6/33      AC:  4    Str:  7 (10) XL:     4   Next: 21%
Magic:  4/4        EV: 12    Int: 11 (13) God:
Gold:   156        SH:  0    Dex: 15 (16) Spells: 0 memorised, 3 levels left

rFire  + . .     SeeInvis +     a - +2 dagger
rCold  + . .     Gourm    .     c - +0 robe
rNeg   + . .     Faith    .     (no shield)
rPois  +         Spirit   .     r - +0 helmet
rElec  +         Dismiss  .     d - +0 cloak
rCorr  +         Reflect  .     (no gloves)
SustAt .         Harm     .     (no boots)
MR     .....                    p - amulet of regeneration
Stlth  ++++......               (no ring)
                                (no ring)

@: resistant, not resistant to hostile enchantments, stealthy
A: fangs 3, see invisible, unbreathing
a: Bat Form


You were on level 3 of the Dungeon.
You were not thirsty.

You visited 1 branch of the dungeon, and saw 4 of its levels.

You collected 156 gold pieces.

Inventory:

Hand Weapons
 a - a +2 dagger (weapon)
 b - a +0 blowgun
Missiles
 e - 17 poisoned needles
 f - 2 curare-tipped needles
Armour
 c - a +0 robe (worn)
 d - a +0 cloak (worn)
 r - a +0 helmet (worn)
Jewellery
 l - an uncursed ring of protection from cold
 p - an amulet of regeneration (around neck)
Scrolls
 i - 3 scrolls of remove curse
 j - 2 scrolls of identify
 k - a scroll of fear
 m - a scroll of teleportation {unknown}
 n - a scroll of immolation {unknown}
 o - a scroll of blinking {unknown}
Potions
 g - 16 potions of blood
 h - a potion of cancellation
 t - a potion of brilliance


   Skills:
 + Level 2.2 Fighting
 + Level 2.6 Short Blades
 + Level 1.7 Throwing
 - Level 1.1 Dodging
 + Level 7.9 Stealth


You had 3 spell levels left.
You didn't know any spells.

Dungeon Overview and Level Annotations

Branches:
Dungeon (4/15)
 Temple: D:4-7

Altars:

Annotations:
D:3 Sigmund


Innate Abilities, Weirdness & Mutations

You have razor-sharp teeth.
You have supernaturally acute eyesight. (SInv)
You can survive without breathing.


Message History

Wield which item (- for none, * to show all)? (? for menu, Esc to quit)
a - a +2 dagger (weapon)
Sigmund casts a spell.
Sigmund flickers and vanishes for a moment.
You hit Sigmund.
Sigmund is moderately wounded.
Sigmund hits you with a scythe!
You hit Sigmund but do no damage.
Sigmund is moderately wounded.
Sigmund screams, "You will never...
NEVER!!!"
Sigmund hits you with a scythe!
* * * LOW HITPOINT WARNING * * *
You feel protected.
You barely miss Sigmund.
Sigmund is moderately wounded.
Sigmund hits you with a scythe.
* * * LOW HITPOINT WARNING * * *
Sigmund looks more healthy.
Sigmund hits you from afar with a scythe!
You die...

......# #########........
#...#.### #......##.........
........# #......##.........
......#.###......##.........
..........'......>+.$.......
####..#.#.#.......#.........
##.#.#.#........)........
#%..#.#.................
#...#.#.....@.@(...(.(!.
##..#.#.................
##.#.#######.....(.....
#.#.# #.#.........
#+#.......(. .######### . .[


You could see Sigmund (invisible).

Vanquished Creatures
  2 adders (D:2)
  2 worms (D:2)
  A dart slug (D:1)
  2 giant geckos
  4 giant cockroaches
  7 goblins
  7 hobgoblins
  8 jackals (D:2)
  6 bats
  2 giant newts
  3 kobolds
  9 rats
53 creatures vanquished.

Notes
Turn   | Place    | Note
--------------------------------------------------------------
     0 | D:1      | Musica the Vampire Assassin began the quest for the Orb.
     0 | D:1      | Reached XP level 1. HP: 16/16 MP: 1/1
    61 | D:1      | Reached skill level 6 in Stealth
   169 | D:1      | Reached XP level 2. HP: 17/22 MP: 2/2
   481 | D:1      | Reached skill level 7 in Stealth
   573 | D:1      | Reached XP level 3. HP: 25/27 MP: 3/3
  1564 | D:2      | Reached XP level 4. HP: 15/33 MP: 4/4
  1876 | D:3      | Noticed Sigmund
  1909 | D:3      | Mangled by Sigmund

Vault maps used:
D:1:      sevenhm_arrival_forest_fort_large_1, wad_woods_river_04
D:3:      old_standard_altar, first_bread, uniq_sigmund,
          uniq_crazy_yiuf_cottage, uniq_robin
D:4:      fedhas_altar_1, johnstein_pakellas_dig

Skill      XL: |  1  2 |
---------------+-------+-----
Stealth        | 6 7 |  7.9
Fighting       | 2 |  2.2
Short Blades   | |  2.6
Throwing       | |  1.7
Dodging        | |  1.1

Action                   |  1- 3 |  4- 6 || total
-------------------------+-------+-------++-------
Melee: Dagger            |   111 |    37 ||   148
       Bite              |    12 |     3 ||    15
 Fire: Blowgun           |    10 |     5 ||    15
  Use: Potion            |     8 |     4 ||    12
       Scroll            |     4 |       ||     4
 Stab: Sleeping          |    16 |     3 ||    19
Armor: Robe              |    26 |    12 ||    38
Dodge: Dodged            |    75 |    26 ||   101
